 Dungeon Crawl Stone Soup version 0.26.0-45-g9c1d065592 (webtiles) character file.

Game seed: 15998082961561744964

190260 roke1 the Earth Mage (level 18, -1/126 HPs)
             Began as an Octopode Earth Elementalist on Jan 30, 2021.
             Was an Initiate of Gozag.
             Slain by a wolf spider (3 damage)
             ... on level 1 of the Spider Nest.
             The game lasted 03:04:22 (53263 turns).

roke1 the Earth Mage (Octopode Earth Elementalist) Turns: 53263, Time: 03:04:22

Health: -1/126     AC:  5    Str: 19    XL:     18   Next: 16%
Magic:  35/35      EV: 23    Int: 29    God:    Gozag
Gold:   4742       SH:  0    Dex: 15    Spells: 16/43 levels left

rFire    + . .     SeeInvis +   z - staff of poison
rCold    + + .     Faith    .   E - +2 kite shield {AC+3}
rNeg     . . .     Spirit   .   f - +1 hat {SInv}
rPois    +         Reflect  +   Y - amulet "Tistysou" {Reflect rElec Will+ Str+6 SH+5}
rElec    +         Harm     .   l - ring of wizardry
rCorr    .         Rampage  .   C - ring "Reorium" {rElec Stlth+}
Will     +++..                  D - +4 ring of slaying
Stlth    +++.......             M - +4 ring of evasion
HPRegen  0.31/turn              O - ring of protection from fire
MPRegen  0.24/turn              I - +6 ring of dexterity
                                W - +6 ring of intelligence
                                m - ring "Sanaogoi" {rElec rC++ Will+ Str+3 Dex-3}

@: confused
A: almost no armour, stealthy swim, amphibious, 8 rings, constrict 8, camouflage
1, gelatinous body 1
}: 1/15 runes: decaying
a: Renounce Religion, Potion Petition, Call Merchant, Bribe Branch


You were on level 1 of the Spider Nest.
You worshipped Gozag.
Gozag was most pleased with you.
You visited 6 branches of the dungeon, and saw 29 of its levels.
You also visited: Gauntlet and Ice Cave.

You collected 11679 gold pieces.
You spent 3541 gold pieces at shops.
You paid 3396 gold pieces to Gozag.

Inventory:

Hand Weapons
 a - a +1 demon blade of flaming
 K - a +5 whip of draining
Missiles
 b - 488 stones (quivered)
 r - a throwing net
Armour
 f - a +1 hat of see invisible (worn)
 E - a +2 kite shield of protection (worn)
Magical Staves
 z - an uncursed staff of poison (weapon)
Jewellery
 l - a ring of wizardry (left tentacle)
 m - the ring "Sanaogoi" (on tentacle) {rElec rC++ Will+ Str+3 Dex-3}
   (You bought it in a shop on level 3 of the Swamp)

   [ring of willpower]

   It affects your strength (+3).
   It affects your dexterity (-3).
   It greatly protects you from cold.
   It insulates you from electricity.
   It affects your willpower, your defense against some magical effects.
 C - the ring "Reorium" (right tentacle) {rElec Stlth+}
   (You found it on level 7 of the Dungeon)

   [ring of stealth]

   It insulates you from electricity.
   It makes you more stealthy.
 D - a +4 ring of slaying (on tentacle)
 I - a +6 ring of dexterity (on tentacle)
 M - a +4 ring of evasion (on tentacle)
 O - a ring of protection from fire (on tentacle)
 R - an uncursed ring of flight
 W - a +6 ring of intelligence (on tentacle)
 Y - the amulet "Tistysou" (around mantle) {Reflect rElec Will+ Str+6 SH+5}
   (You found it in a Gauntlet)

   [amulet of reflection]

   It shields you and reflects attacks.
   It affects your strength (+6).
   It insulates you from electricity.
   It affects your willpower, your defense against some magical effects.
   It affects your SH (+5).
Wands
 v - a wand of iceblast (29)
 F - a wand of disintegration (33)
 L - a wand of polymorph (32)
 T - a wand of flame (44)
 V - a wand of acid (35)
 X - a wand of paralysis (7)
Scrolls
 e - 8 scrolls of teleportation
 j - 3 scrolls of fog
 k - 2 scrolls of magic mapping
 s - a scroll of blinking
 w - 5 scrolls of fear
 x - 11 scrolls of remove curse
 y - 11 scrolls of identify
 A - 2 scrolls of amnesia
 B - 4 scrolls of brand weapon
 G - 5 scrolls of immolation
 N - a scroll of enchant weapon
 Z - a scroll of acquirement {unknown}
Potions
 c - 15 potions of curing
 d - 10 potions of haste
 g - 10 potions of heal wounds
 h - 4 potions of might
 i - 7 potions of degeneration
 n - 4 potions of resistance
 o - 5 potions of lignification
 p - 5 potions of attraction
 q - 2 potions of ambrosia
 t - 2 potions of cancellation
 u - 2 potions of invisibility
 H - a potion of brilliance
 J - 4 potions of flight
 Q - 3 potions of berserk rage
 S - a potion of magic {unknown}
 U - 4 potions of mutation
Miscellaneous
 P - a box of beasts


   Skills:
 + Level 12.5 Fighting
 - Level 9.9 Dodging
 - Level 2.6 Stealth
 * Level 11.5 Shields
 + Level 13.3 Spellcasting
 - Level 12.1 Conjurations
 - Level 1.0 Transmutations
 + Level 10.3 Fire Magic
 + Level 15.2 Earth Magic


You had 16 spell levels left.
You knew the following spells:

 Your Spells              Type           Power        Failure   Level
a - Sandblast             Erth           100%         0%          1
c - Passwall              Tmut/Erth      50%          1%          2
d - Lee's Rapid Deconstr  Erth           41%          1%          5
e - Fireball              Conj/Fire      35%          1%          5
f - Lehudib's Crystal Sp  Conj/Erth      39%          36%         8
g - Iron Shot             Conj/Erth      39%          1%          6

Your spell library contained the following spells:

 Spells                   Type           Power        Failure   Level
 Beastly Appendage        Tmut           50%          1%          1
 Foxfire                  Conj/Fire      100%         1%          1
 Freeze                   Ice            76%          1%          1
 Magic Dart               Conj           100%         1%          1
 Shock                    Conj/Air       100%         1%          1
 Searing Ray              Conj           100%         1%          2
 Wereblood                Tmut           25%          1%          2
 Conjure Flame            Conj/Fire      71%          1%          3
 Dazzling Flash           Conj/Hex       100%         1%          3
 Ignite Poison            Fire/Tmut/Pois 58%          1%          3
 Inner Flame              Hex/Fire       49%          1%          3
 Mephitic Cloud           Conj/Pois/Air  59%          1%          3
 Static Discharge         Conj/Air       53%          1%          3
 Stone Arrow              Conj/Erth      100%         1%          3
 Fulminant Prism          Conj/Hex       26%          1%          4
 Hailstorm                Conj/Ice       53%          1%          4
 Iskenderun's Mystic Bla  Conj/Tloc      53%          1%          4
 Petrify                  Tmut/Erth      60%          1%          4
 Sticky Flame             Conj/Fire      71%          1%          4
 Bolt of Magma            Conj/Fire/Erth 37%          1%          5
 Corpse Rot               Necr/Air       N/A          2%          2
 Ensorcelled Hibernation  Hex/Ice        38%          2%          2
 Poisonous Vapours        Pois/Air       56%          2%          2
 Sublimation of Blood     Necr           9%           2%          2
 Swiftness                Air            19%          2%          2
 Irradiate                Conj/Tmut      27%          3%          5
 Spider Form              Tmut/Pois      16%          4%          3
 Lightning Bolt           Conj/Air       26%          4%          5
 Confusing Touch          Hex            19%          5%          3
 Frozen Ramparts          Ice            38%          5%          3
 Gell's Gravitas          Tloc           9%           5%          3
 Ozocubu's Armour         Ice            19%          5%          3
 Ice Form                 Ice/Tmut       22%          13%         4
 Airstrike                Air            9%           16%         4
 Summon Ice Beast         Ice/Summ       19%          16%         4
 Blade Hands              Tmut           12%          28%         5
 Alistair's Intoxication  Tmut/Pois      22%          34%         5
 Yara's Violent Unravell  Hex/Tmut       11%          34%         5
 Metabolic Englaciation   Hex/Ice        9%           41%         5
 Silence                  Hex/Air        9%           41%         5
 Summon Forest            Summ/Tloc      9%           41%         5
 Summon Mana Viper        Hex/Summ       19%          41%         5
 Freezing Cloud           Conj/Ice/Air   21%          43%         6
 Ignition                 Fire           34%          82%         8
 Eringya's Noxious Bog    Tmut/Pois      16%          87%         6
 Shadow Creatures         Summ           N/A          92%         6
 Shatter                  Erth           41%          96%         9
 Malign Gateway           Summ/Tloc      9%           100%        7
 Chain Lightning          Conj/Air       26%          100%        8
 Absolute Zero            Ice            9%           100%        9
 Fire Storm               Conj/Fire      35%          100%        9
 Tornado                  Air            9%           100%        9


Dungeon Overview and Level Annotations

Branches:
Dungeon (15/15)            Temple (1/1) D:7            Lair (6/6) D:11
  Swamp (4/4) Lair:3       Spider (1/4) Lair:4        Slime (0/5) Lair:5
    Orc (2/2) D:12            Elf (0/3) Orc:2        Vaults (0/5) D:14
 Depths (0/5) D:15          IceCv (visited)         Gauntlet (visited)

Altars:
Ashenzari
Cheibriados
Dithmenos
Elyvilon
Fedhas
Gozag
Hepliaklqana
Kikubaaqudgha
Makhleb
Nemelex Xobeh
Okawaru
Qazlal
Ru
Sif Muna
Trog
Uskayaw
Vehumet
Wu Jian
Xom
Yredelemnul
Zin
The Shining One
Beogh

Shops:
D:4 (   D:14 ((   D:15 (!:   Orc:1 [[}(?   Orc:2 !**}}:   Lair:6 :   Swamp:3 =

Portals:
Trove: D:10 (give 8 scrolls of fog)

Annotations:
D:3 Ijyb, Sigmund
D:10 1 runed translucent door
D:14 3 runed translucent doors, Yrogotes's ghost, journeyman DsFi
Lair:5 exclusion: 3 oklob plants


Innate Abilities, Weirdness & Mutations

You cannot wear most types of armour.
You are very stealthy in the water. (Stealth+)
You are amphibious.
You can wear up to eight rings at the same time.
You can use your tentacles to constrict eight enemies at once.
Your skin changes colour to match your surroundings (Stealth+).
Your rubbery body absorbs attacks. (AC +1, EV +1)


Message History

The wolf spider misses you. The hornet stings you!
* * * LOW HITPOINT WARNING * * *
You are too confused!
Unknown command.
You feel much better.
You feel yourself speed up. The redback bites you.
* * * LOW HITPOINT WARNING * * *
The redback bites you!
* * * LOW HITPOINT WARNING * * *
The hornet misses you. The wolf spider hits you!
* * * LOW HITPOINT WARNING * * *
The wolf spider completely misses you. The tarantella bites you!
* * * LOW HITPOINT WARNING * * *
You are more confused.
The redback barely misses you. The redback completely misses you.
The hornet misses you. The wolf spider closely misses you.
The wolf spider bites you.
You die...
Your body crumbles into a pile of gold.

............#
............
$
...........#
..#........##
..........^≈#
..^......≈≈≈#
.......sy.≈#
#^?@s#
#.....ss≈≈#
........≈##
.#.....≈≈≈
.....≈≈≈≈≈#
..#.#≈≈≈≈## .
.≈≈≈≈###
..≈≈≈#


You could see a wolf spider, a hornet, a tarantella and 2 redbacks.

Vanquished Creatures
  Mara (Swamp:4)
  A tentacled monstrosity (Swamp:3)
  Gastronok (D:9)
  2 thorn hunters (Swamp:4)
  A fenstrider witch (Swamp:4)
  Donald (Orc:1)
  Aizul (Swamp:2)
  A stone giant (Orc:1)
  Azrael (Orc:2)
  5 bunyips
  A minotaur (Gauntlet)
  3 eleionomae
  2 fire dragons
  Josephine (Orc:2)
  2 shambling mangroves
  An ice dragon (D:15)
  18 hydras
  4 boulder beetles
  2 centaur warriors
  A ghost crab (Swamp:4)
  An ogre mage (D:14)
  9 alligators
  8 two-headed ogres
  A hell hog (Gauntlet)
  A death scarab (Gauntlet)
  14 death yaks
  A spriggan berserker (Swamp:4)
  A tengu warrior (D:14)
  An orc high priest (Orc:2)
  A skeletal warrior (D:10)
  4 goliath frogs
  6 unseen horrors
  3 spriggan druids
  10 bog bodies
  19 swamp dragons
  A lindwurm (Lair:3)
  6 orc knights
  15 ugly things
  Maurice (D:8)
  2 will-o-the-wisps
  2 orc sorcerers
  5 oklob plants
  4 cyclopes
  3 manticores
  3 ice statues (IceCv)
  11 elephants
  Maggie (D:7)
  2 black mambas
  A gargoyle (D:14)
  9 cane toads
  A kobold demonologist (D:14)
  4 rime drakes
  4 yaktaurs (D:15)
  16 komodo dragons
  2 ice devils (D:13)
  A freezing wraith (D:14)
  A tengu conjurer (D:14)
  7 trolls
  2 bloated husks (Swamp:3)
  A queen bee (Lair:2)
  5 slime creatures
  4 jumping spiders (Lair:4)
  17 hornets
  6 tyrant leeches
  2 polar bears
  14 blink frogs
  7 dream sheep (Lair:6)
  5 redbacks (Lair:4)
  7 wraiths
  A vampire (D:14)
  69 yaks
  13 spriggans
  6 steam dragons
  4 fire bats (Gauntlet)
  A wyvern (Lair:5)
  9 basilisks
  3 fire elementals
  Eustachio (D:5)
  7 vampire mosquitoes
  4 wargs
  17 swamp worms
  2 soldier ants (D:11)
  4 acid dragons
  21 water moccasins
  4 hell hounds
  10 swamp drakes
  6 sky beasts
  39 orc warriors
  2 black bears
  A spectral torpor snail (Gauntlet)
  10 ogres
  2 phantoms
  14 ice beasts
  2 eyes of draining
  23 centaurs
  11 wolves
  6 big kobolds
  18 bullfrogs
  A wyvern zombie (D:12)
  A wyvern skeleton (D:13)
  6 scorpions
  29 killer bees
  7 howler monkeys
  14 wights
  An electric eel (Lair:3)
  6 bullfrog zombies
  4 centaur zombies
  4 quasits
  14 orc priests
  6 hounds
  2 jellies
  A bullfrog skeleton (D:11)
  29 orc wizards
  12 iguanas
  7 centaur skeletons
  6 hell rats
  12 worker ants
  A hound zombie (D:6)
  2 hound skeletons
  A howler monkey zombie (D:6)
  A river rat (Lair:2)
  11 adders
  2 shadow imps
  5 white imps
  7 ufetubi
  An adder skeleton (D:5)
  A worm (D:5)
  A dart slug (D:3)
  6 leopard geckos
  105 orcs
  5 giant cockroaches
  6 goblins
  4 hobgoblins
  12 jackals
  2 quokkas
  A ball python (D:3)
  3 bats
  3 frilled lizards
  A jackal skeleton (D:5)
  15 kobolds
  A leopard gecko skeleton (D:4)
  3 quokka skeletons
  10 rats
  A briar patch (Swamp:4)
985 creatures vanquished.

Vanquished Creatures (others)
  A wyvern (D:12)
  An orc wizard (D:8)
  An orc (Orc:1)
  3 bushes (D:14)
  2 foxfires (Swamp:4)
  44 fungi
  69 plants
121 creatures vanquished.

Grand Total: 1106 creatures vanquished

Notes
Turn   | Place    | Note
-------+----------+-------------------------------------------
     0 | D:1      | roke1 the Octopode Earth Elementalist began the quest for
                  | the Orb.
     0 | D:1      | Reached XP level 1. HP: 11/11 MP: 3/3
    87 | D:1      | Reached XP level 2. HP: 18/18 MP: 5/5
   835 | D:2      | Noticed a fire elemental
   836 | D:2      | Found a stormy altar of Qazlal.
   838 | D:2      | Noticed an earth elemental
   838 | D:2      | Noticed an air elemental
   838 | D:2      | Noticed a water elemental
  1167 | D:2      | Found a burning altar of Makhleb.
  1170 | D:2      | Found a white marble altar of Elyvilon.
  1178 | D:2      | Reached XP level 3. HP: 17/22 MP: 1/6
  1367 | D:2      | Reached skill level 1 in Fighting
  1820 | D:3      | Noticed Sigmund
  1920 | D:3      | Learned a level 3 spell: Stone Arrow
  1923 | D:3      | Learned a level 2 spell: Passwall
  2085 | D:3      | Reached XP level 4. HP: 28/28 MP: 7/7
  2411 | D:3      | Noticed Ijyb
  2683 | D:4      | Identified the Reference Book on Congealing Summoning
  2705 | D:4      | Reached skill level 4 in Earth Magic
  2899 | D:4      | Reached XP level 5. HP: 28/33 MP: 8/8
  3079 | D:4      | Reached skill level 1 in Conjurations
  3572 | D:4      | Reached XP level 6. HP: 36/39 MP: 5/10
  4348 | D:4      | Found Gearet's Antique Weapon Boutique.
  4461 | D:4      | Reached skill level 5 in Earth Magic
  4651 | D:4      | Noticed a sky beast
  4664 | D:4      | Killed a sky beast
  4665 | D:4      | Reached XP level 7. HP: 12/45 MP: 1/11
  4933 | D:5      | Entered Level 5 of the Dungeon
  5490 | D:5      | Learned a level 5 spell: Lee's Rapid Deconstruction
  5852 | D:5      | Reached XP level 8. HP: 20/52 MP: 3/13
  5857 | D:5      | Reached skill level 6 in Earth Magic
  6611 | D:5      | Noticed Eustachio
  6619 | D:5      | Killed Eustachio
  7064 | D:6      | Reached skill level 7 in Earth Magic
  7568 | D:6      | Reached XP level 9. HP: 58/58 MP: 9/16
  7826 | D:7      | Reached skill level 5 in Dodging
  7826 | D:7      | Reached skill level 5 in Spellcasting
  8086 | D:7      | Noticed Maggie
  8439 | D:7      | Got a glittering marble ring
  8444 | D:7      | Identified the ring "Reorium" {rElec Stlth+} (You found it
                  | on level 7 of the Dungeon)
  8645 | D:7      | Killed Maggie
  8646 | D:7      | Reached skill level 8 in Earth Magic
  8970 | D:7      | Reached skill level 5 in Fighting
  9200 | D:7      | Found a staircase to the Ecumenical Temple.
  9219 | Temple   | Entered the Ecumenical Temple
  9289 | Temple   | Became a worshipper of Gozag Ym Sagoz the Greedy
  9719 | D:8      | Found a glowing silver altar of Zin.
 10212 | D:8      | Reached skill level 5 in Conjurations
 10212 | D:8      | Reached XP level 10. HP: 66/66 MP: 12/19
 10693 | D:8      | Noticed Maurice
 10796 | D:8      | Killed Maurice
 11637 | D:9      | Reached skill level 9 in Earth Magic
 11882 | D:9      | Noticed Gastronok
 12497 | D:9      | Killed Gastronok
 12498 | D:9      | Reached XP level 11. HP: 74/74 MP: 0/22
 13410 | D:10     | Entered Level 10 of the Dungeon
 13470 | D:9      | Reached skill level 10 in Earth Magic
 14112 | D:10     | Found a runed translucent door.
 14112 | D:10     | Noticed a skeletal warrior
 14117 | D:10     | Killed a skeletal warrior
 14118 | D:10     | Reached skill level 1 in Shields
 14198 | D:10     | Noticed a stone giant
 14200 | D:10     | Noticed a deep elf archer
 14537 | D:10     | Found a portal to a secret trove of treasure.
 15028 | D:10     | Identified the +11 crystal plate armour of Plasticity {rF++
                  | rC+ Int-2}
 15046 | D:11     | Noticed a manticore
 15113 | D:11     | Noticed an unseen horror
 15116 | D:11     | Killed an unseen horror
 15157 | D:11     | Noticed a six-headed hydra
 15395 | D:11     | Killed a six-headed hydra
 15480 | D:11     | Found a staircase to the Lair.
 15482 | D:11     | Noticed a cyclops
 15502 | D:11     | Killed a cyclops
 15760 | D:11     | Noticed an unseen horror
 15764 | D:11     | Killed an unseen horror
 16200 | D:11     | Reached XP level 12. HP: 81/81 MP: 9/24
 16453 | D:11     | Noticed a two-headed ogre
 16466 | D:11     | Killed a two-headed ogre
 16467 | D:11     | Reached skill level 11 in Earth Magic
 16625 | D:11     | Found a burning altar of Makhleb.
 17444 | Lair:1   | Entered Level 1 of the Lair of Beasts
 17473 | Lair:1   | Learned a level 5 spell: Fireball
 17660 | Lair:1   | Reached skill level 1 in Fire Magic
 19309 | Lair:2   | Noticed a seven-headed hydra
 19312 | Lair:2   | Killed a seven-headed hydra
 19914 | Lair:2   | Noticed a five-headed hydra
 19917 | Lair:2   | Killed a five-headed hydra
 19927 | Lair:2   | Reached XP level 13. HP: 88/88 MP: 0/26
 20574 | Lair:2   | Reached skill level 10 in Spellcasting
 20828 | Lair:2   | Reached skill level 5 in Fire Magic
 22468 | Lair:3   | Reached skill level 12 in Earth Magic
 23881 | Lair:3   | Found a staircase to the Swamp.
 24821 | Lair:3   | Learned a level 8 spell: Lehudib's Crystal Spear
 24934 | Lair:3   | Reached XP level 14. HP: 77/97 MP: 1/28
 25352 | Lair:4   | Found a hole to the Spider Nest.
 28335 | Lair:5   | Found a staircase to the Slime Pits.
 28494 | Lair:6   | Entered Level 6 of the Lair of Beasts
 29306 | Lair:5   | Reached skill level 10 in Conjurations
 30274 | Lair:6   | Reached skill level 13 in Earth Magic
 30844 | Lair:6   | Bought the Reference Book on Combat Magic and Summoning for
                  | 1116 gold pieces
 30854 | Lair:6   | Learned a level 6 spell: Iron Shot
 31465 | Lair:6   | Reached XP level 15. HP: 103/103 MP: 17/30
 31475 | Lair:6   | Reached skill level 10 in Fighting
 33148 | D:12     | Found a roughly hewn altar of Beogh.
 33359 | D:12     | Found a staircase to the Orcish Mines.
 34199 | D:13     | Found a frozen archway.
 34236 | IceCv    | Entered an ice cave
 35215 | D:13     | You fall into a shaft and drop 2 floors!
 35215 | D:15     | Entered Level 15 of the Dungeon
 35215 | D:15     | Found Tot Yplu's Weapon Shoppe.
 35215 | D:15     | Found Kuren's Book Shop.
 35397 | D:15     | Found a gate leading to a gauntlet.
 35544 | Gauntlet | Entered a Gauntlet
 35544 | Gauntlet | Found a transporter.
 35556 | Gauntlet | Found a transporter.
 35557 | Gauntlet | Found a transporter.
 35566 | Gauntlet | Found a transporter.
 35569 | Gauntlet | Found a transporter.
 35575 | Gauntlet | Found a runed translucent gate.
 35577 | Gauntlet | Found a runed translucent gate.
 35577 | Gauntlet | Found a transporter.
 35578 | Gauntlet | Found a runed translucent gate.
 35581 | Gauntlet | Found a transporter.
 35592 | Gauntlet | Found a transporter.
 35593 | Gauntlet | Found a transporter.
 35604 | Gauntlet | Found a transporter.
 35634 | Gauntlet | Found a transporter.
 35646 | Gauntlet | Found a transporter.
 35658 | Gauntlet | Found a transporter.
 35670 | Gauntlet | Found a transporter.
 36107 | Gauntlet | Got a vibrating bone amulet
 36197 | Gauntlet | Identified the amulet "Tistysou" {Reflect rElec Will+ Str+6
                  | SH+5} (You found it in a Gauntlet)
 36203 | Gauntlet | Identified the +3 arbalest of Qyicur {elec, rF+++ rC-
                  | Int+3}
 36203 | Gauntlet | Identified the cursed ring "Juerin" {rN+ Slay-4}
 36731 | D:15     | Found Faghen's Distillery.
 36734 | D:15     | Bought a potion of might for 68 gold pieces
 36734 | D:15     | Bought a potion of heal wounds for 85 gold pieces
 36734 | D:15     | Bought a potion of haste for 170 gold pieces
 37209 | D:15     | Reached skill level 5 in Shields
 38083 | D:15     | Found a staircase to the Depths.
 38213 | D:14     | Reached XP level 16. HP: 111/111 MP: 7/32
 38346 | D:14     | Reached skill level 14 in Earth Magic
 38781 | D:14     | Found a runed translucent gate.
 38781 | D:14     | Found a runed translucent gate.
 38983 | D:14     | Found a runed translucent gate.
 39874 | D:14     | Found Ikket's Weapon Boutique.
 39898 | D:14     | Found Josobbey's Weapon Shop.
 40079 | D:14     | Found a gate to the Vaults.
 40093 | D:14     | Noticed Yrogotes's ghost (journeyman DsFi)
 40500 | Orc:1    | Entered Level 1 of the Orcish Mines
 40500 | Orc:1    | Found Qioxon's Magic Scroll Shoppe.
 40652 | Orc:1    | Found Dineow's Gadget Shoppe.
 40720 | Orc:1    | Bought a scroll of blinking for 97 gold pieces
 40823 | Orc:2    | Entered Level 2 of the Orcish Mines
 40823 | Orc:2    | Noticed Donald
 40834 | Orc:1    | Killed Donald
 41428 | Orc:2    | Found a staircase to the Elven Halls.
 41524 | Orc:2    | Noticed Azrael
 41927 | Orc:2    | Killed Azrael
 42543 | Orc:2    | Found Paleb's Gadget Emporium.
 42543 | Orc:2    | Found Palypp's Gadget Boutique.
 42547 | Orc:2    | Found Sydixziv's Book Shoppe.
 42549 | Orc:2    | Found Buryemeju's Assorted Antiques.
 42669 | Orc:2    | Found a roughly hewn altar of Beogh.
 42676 | Orc:2    | Noticed Josephine
 42681 | Orc:2    | Killed Josephine
 42950 | Orc:2    | Bought a potion of mutation for 112 gold pieces
 42950 | Orc:2    | Bought a potion of heal wounds for 70 gold pieces
 42950 | Orc:2    | Bought a potion of mutation for 112 gold pieces
 42980 | Orc:1    | Found Weungoym's Antique Armour Shop.
 43102 | Orc:1    | Found Ecuuj's Armour Boutique.
 43338 | Orc:1    | Found Jirih's Weapon Boutique.
 43633 | Swamp:1  | Entered Level 1 of the Swamp
 44265 | Swamp:1  | Identified Jubor's Catalogue of Floating Stones
 45794 | Swamp:2  | Noticed Aizul
 45805 | Swamp:2  | Killed Aizul
 46084 | Swamp:2  | Reached XP level 17. HP: 118/118 MP: 15/33
 47218 | Swamp:3  | Noticed a tentacled monstrosity
 48576 | Swamp:3  | Killed a tentacled monstrosity
 48577 | Swamp:3  | Reached skill level 10 in Shields
 49188 | Swamp:4  | Entered Level 4 of the Swamp
 49238 | Swamp:4  | Noticed Mara
 49278 | Swamp:4  | Noticed roke1's illusion
 49563 | Swamp:3  | Bought an uncursed ring of protection from fire for 525
                  | gold pieces
 49563 | Swamp:3  | Bought the ring "Sanaogoi" {rElec rC++ Will+ Str+3 Dex-3}
                  | for 1186 gold pieces
 49603 | Swamp:4  | Killed Mara
 50510 | Swamp:4  | Reached skill level 15 in Earth Magic
 51241 | Swamp:4  | Reached skill level 10 in Fire Magic
 51936 | Swamp:4  | Reached XP level 18. HP: 126/126 MP: 10/35
 52649 | Swamp:4  | Got a decaying rune of Zot
 53169 | Spider:1 | Entered Level 1 of the Spider Nest
 53263 | Spider:1 | HP: 2/126 [tarantella (17)]
 53263 | Spider:1 | Slain by a wolf spider

Illustrated notes

Levels and vault maps discovered:
D:1:      tarquinn_simple_flora_water_d, layout_basic,
          chequers_serial_rivers_small_3, minmay_splitting_lines,
          grunt_decor_fettered
D:2:      layout_loops_corners, nicolae_qazlal_style_of_elements,
          chequers_temple_overflow_statue_of_worship, lemuel_old_faithful
D:3:      kennysheep_the_goblin_king, layout_rooms, due_unseen_surprise,
          uniq_sigmund, uniq_ijyb, uniq_natasha
D:4:      layout_basic, serial_shops, nicolae_shop_behind_doors
D:5:      layout_loops_ring, uniq_eustachio
D:6:      layout_loops_ring
D:7:      minmay_clustersquares, layout_rooms,
          minmay_temple_entry_statues_pillars, uniq_maggie
D:8:      layout_cave_pods, lemuel_crystal_altar, minmay_diced_spiral,
          uniq_maurice
D:9:      layout_layer_cave, uniq_gastronok
D:10:     layout_grid_maze, enter_trove_2, minivault_13
D:11:     layout_loops_cross, erik_lair_orcish_takeover, lemuel_centaur_altar
D:12:     layout_big_octagon, david_orc_5
D:13:     layout_rooms, portal_ice_cave_demonic_guard
D:14:     layout_loops_cross, hangedman_vaults_entry_quadrant_bands,
          serial_park_square2, maelrawn_ghost_gauntlet_escape, serial_shops,
          nicolae_shop_stone, nicolae_shop_behind_doors
D:15:     grunt_enter_depths_hoard, layout_rooms, gauntlet_entry_generic,
          serial_shops, nicolae_shop_behind_doors, shop, shop,
          minmay_misc_feat_enclosed, grunt_ministairs_4
Temple:   dpeg_five_rooms_temple
Lair:1:   layout_long_grid
Lair:2:   regret_index_combs_of_tragedy, layout_loops_ring,
          hangedman_lair_generics_rect, infiniplex_staircase_pool_2
Lair:3:   layout_small_grid, nicolae_swamp_entry_splash_gauntlet,
          chequers_serial_rivers_room_a, minmay_lair_oklob_chamber
Lair:4:   layout_hall_layers, nicolae_spider_entry_tight_spaces
Lair:5:   layout_roguey, minmay_slime_entry_oklob_enclosed
Lair:6:   guppyfry_lair_end_dragon, layout_cave_pods, grunt_megastairs_1
Swamp:1:  layout_basic_swamp, serial_swamp_ruin, evilmike_swamp_ruin_house_1,
          evilmike_swamp_ruin_rubble_1
Swamp:2:  layout_basic_swamp, hangedman_swamp_cone, swamp_pool1, uniq_aizul
Swamp:3:  layout_falls_marsh, evilmike_swamp_ruin_house_3
Swamp:4:  swamp_basic_johnstein, layout_basic_swamp, uniq_mara
Spider:1: layout_spider_delve, gammafunk_ghost_split
Orc:1:    layout_caves, serial_shops, nicolae_shop_stone,
          nicolae_shop_temple_entry_statues_fountains, shop_fountains, shop,
          shop
Orc:2:    st_orc_rangers, layout_diamond_mine, basic_altar, uniq_josephine,
          uniq_donald, uniq_azrael

Skill      XL: |  1  2  3  4  5  6  7  8  9 10 11 12 13 14 15 16 17 |
---------------+----------------------------------------------------+-----
Fighting       | 1 2 3 4 5 6 7 8 9 10 11 12 | 12.5
Earth Magic    | 4 5 7 8 9 10 11 12 13 14 15 | 15.2
Conjurations   | 1 2 3 5 6 7 8 9 10 11 12 | 12.1
Dodging        | 3 4 5 6 7 8 9 |  9.9
Spellcasting   | 3 4 6 7 8 9 10 11 12 13 | 13.3
Shields        | 4 5 9 11 | 11.5
Fire Magic     | 4 6 7 8 9 10 | 10.3
Stealth        | |  2.6
Transmutations | |  1.0

Action                   |  1- 3 |  4- 6 |  7- 9 | 10-12 | 13-15 | 16-18 || total
-------------------------+-------+-------+-------+-------+-------+-------++-------
Melee: Dagger            |    45 |    61 |       |       |       |       ||   106
       Constrict         |    14 |    19 |    28 |    34 |    74 |    37 ||   206
       Tentacles         |     8 |    12 |    26 |    33 |   116 |    70 ||   265
       Unarmed           |     3 |       |       |       |       |       ||     3
       Whip              |       |     4 |   116 |   187 |   438 |   205 ||   950
       Staff             |       |       |       |       |       |     7 ||     7
Throw: Dart              |       |     4 |       |       |       |       ||     4
       Stone             |       |       |       |       |       |     1 ||     1
 Cast: Sandblast         |    19 |    17 |    25 |    42 |    71 |    30 ||   204
       Stone Arrow       |       |    24 |    84 |   146 |   215 |       ||   469
       Passwall          |       |     2 |       |       |       |       ||     2
       Lee's Rapid Decon |       |       |    15 |    73 |    95 |    33 ||   216
       Fireball          |       |       |       |     7 |   140 |   159 ||   306
       Iron Shot         |       |       |       |       |    72 |   164 ||   236
Invok: Call Merchant     |       |       |       |       |     1 |     3 ||     4
Evoke: Wand              |       |       |       |     4 |     1 |     7 ||    12
  Use: Scroll            |     3 |     5 |     6 |    14 |    10 |     4 ||    42
       Potion            |       |       |     1 |       |       |     3 ||     4
 Stab: Sleeping          |    16 |       |     8 |    11 |     2 |     1 ||    38
       Distracted        |       |       |     1 |     2 |     6 |     4 ||    13
Armor: Skin              |     2 |     2 |     4 |    14 |    18 |     9 ||    49
Dodge: Dodged            |    41 |    45 |   104 |   218 |   549 |   228 ||  1185
Block: Buckler           |       |       |       |    44 |   140 |       ||   184
       Kite shield       |       |       |       |       |    58 |   315 ||   373
       Reflection        |       |       |       |       |     9 |    39 ||    48
